 Dungeon Crawl Stone Soup version 0.31.0-32-g396128a36d (webtiles) character file.

Game seed: 9823402016962778250

63588 miket3c the Executioner (level 14, 0/193 HPs)
             Began as a Minotaur Fighter on Apr 13, 2024.
             Was a High Priest of Okawaru.
             Killed by divine providence
             ... invoked by an orc priest
              (11 damage)
             ... on level 2 of the Orcish Mines on Apr 15, 2024.
             The game lasted 00:33:28 (23026 turns).

miket3c the Executioner (Minotaur Fighter)         Turns: 23026, Time: 00:33:28

Health: 0/193      AC: 29    Str: 32    XL:     14   Next: 68%
Magic:  17/18      EV: 11    Int:  5    God:    Okawaru [*****.]
Gold:   2220       SH:  7    Dex: 10    Spells: 13/13 levels left

rFire   . . .        T - +1 broad axe
rCold   . . .        c - +0 buckler
rNeg    . . .        U - +3 plate armour
rPois   .            D - +2 hat {Will+}
rElec   .            G - +0 cloak
rCorr   .            (no gloves)
SInv    .            (no boots)
Will    ++...        (no amulet) Stlth
                     f - +6 ring of strength
HPRegen 0.52/turn    A - +4 ring of protection
MPRegen 0.16/turn

%: no passive effects
@: berserking (expiring), heroic, very quick
A: horns 2, retaliatory headbutt
a: Renounce Religion, Heroism, Finesse, Duel


You were on level 2 of the Orcish Mines.
You worshipped Okawaru.
Okawaru was extremely pleased with you.
You visited 3 branches of the dungeon, and saw 19 of its levels.

You collected 2220 gold pieces.

Inventory:

Hand Weapons
 m - the +3 dagger "Axissi" {spect, Str+3}
   (You found it on level 2 of the Dungeon)

   Str+3:     It affects your strength (+3).
 o - a +3 heavy flail
 T - a +1 broad axe (weapon)
Missiles
 b - 2 darts of dispersal
 h - 25 poisoned darts (quivered)
 q - 5 silver javelins
 r - 2 throwing nets
 E - 4 curare-tipped darts
Armour
 c - a +0 buckler (worn)
 u - the +1 pair of gloves "Lulaopue" {-Tele Dex+9 Slay+3}
   (You found it on level 10 of the Dungeon)

   Dex+9:     It affects your dexterity (+9).
   Slay+3:    It affects your accuracy & damage with ranged weapons and melee
   (+3).
   -Tele:     It prevents most forms of teleportation.
 D - a +2 hat of willpower (worn)
 G - a +0 cloak (worn)
 U - a +3 plate armour (worn)
Jewellery
 f - a +6 ring of strength (left hand)
 j - an amulet of guardian spirit
 y - a ring of fire
 A - a +4 ring of protection (right hand)
 O - a ring of ice
 Q - a ring of see invisible
Wands
 g - a wand of charming (15)
 n - a wand of quicksilver (14)
 w - a wand of flame (47)
 I - a wand of mindburst (6)
 M - a wand of roots (15)
Scrolls
 a - 4 scrolls of identify
 e - a scroll of fear
 i - 5 scrolls of teleportation
 k - 3 scrolls of fog
 p - 6 scrolls of revelation
 v - 3 scrolls of poison
 z - 3 scrolls of amnesia
 L - 3 scrolls of vulnerability
 P - a scroll of immolation
 S - a scroll of torment
Potions
 d - a potion of might
 l - a potion of enlightenment
 s - 8 potions of attraction
 t - 2 potions of brilliance
 C - 5 potions of curing
 F - a potion of lignification
 H - a potion of heal wounds
 J - 2 potions of mutation
 K - a potion of ambrosia
Miscellaneous
 R - a phial of floods


   Skills:
 + Level 13.4(18.4) Fighting
 * Level 21.1(26.1) Axes
 + Level 2.5(19.1) Maces & Flails
 + Level 14.3(19.3) Armour
 - Level 2.7(7.7) Dodging
 - Level 1.1(6.1) Stealth
 + Level 9.2(14.2) Shields
 * Level 7.1 Invocations


You had 13 spell levels left.
You didn't know any spells.
Your spell library contained the following spells:

 Spells                   Type           Power      Damage    Failure   Level
 Sting                    Conj/Alch      0%         1d3       92%         1
 Cigotuvi's Dreadful Rot  Necr/Alch/Air  0%         N/A       98%         2
 Mercury Vapours          Alch/Air       0%         N/A       98%         2
 Sublimation of Blood     Necr           0%         N/A       98%         2
 Dazzling Flash           Conj/Hex       0%         N/A       100%        3
 Inner Flame              Hex/Fire       0%         N/A       100%        3
 Mephitic Cloud           Conj/Alch/Air  0%         N/A       100%        3
 Ozocubu's Armour         Ice            0%         N/A       100%        3
 Volatile Blastmotes      Fire/Tloc      0%         2d10      100%        3
 Dispel Undead            Necr           0%         3d6       100%        4
 Flame Wave               Conj/Fire      0%         2d4       100%        4
 Manifold Assault         Tloc           0%         N/A       100%        4
 Olgreb's Toxic Radiance  Alch           0%         N/A       100%        4
 Passage of Golubria      Tloc           0%         N/A       100%        4
 Sticky Flame             Fire/Alch      0%         2d4       100%        4
 Curse of Agony           Necr           0%         N/A       100%        5
 Metabolic Englaciation   Hex/Ice        0%         N/A       100%        5
 Silence                  Hex/Air        0%         N/A       100%        5
 Yara's Violent Unravell  Hex/Alch       0%         3d3       100%        5
 Dispersal                Tloc           0%         N/A       100%        6
 Starburst                Conj/Fire      0%         6d3       100%        6
 Disjunction              Tloc           0%         N/A       100%        8
 Maxwell's Capacitive Co  Air            0%         ∞         100%        8
 Call Imp                 Summ           Unusable   N/A       N/A         2
 Tukima's Dance           Hex            Unusable   N/A       N/A         3
 Martyr's Knell           Necr/Summ      Unusable   N/A       N/A         4
 Death Channel            Necr           Unusable   N/A       N/A         6
 Sculpt Simulacrum        Ice/Alch       Unusable   N/A       N/A         6
 Summon Hydra             Summ           Unusable   N/A       N/A         7

Dungeon Overview and Level Annotations

Branches:
Dungeon (12/15)              Lair (5/5) D:8          Shoals (0/4) Lair:2
 Spider (0/4) Lair:2        Slime (0/5) Lair:4          Orc (2/2) D:9
    Elf (0/3) Orc:2
 Temple: D:4-7

Altars:
Ashenzari
Kikubaaqudgha
Okawaru
Yredelemnul
Jiyva

Shops:
D:6 [   Orc:2 *

Annotations:
D:5 2 transporters


Innate Abilities, Weirdness & Mutations

You have a pair of horns on your head.
You reflexively headbutt those who attack you in melee.


Message History

You slash the orc warrior!
You kill the orc warrior!
Okawaru accepts your kill.
You closely miss the orc priest.
You open the orc warlord like a pillowcase!!!
You headbutt the orc warlord!
The orc warlord is heavily wounded.
You barely miss the orc priest. The orc priest misses you.
The orc warlord hits you but does no damage.
The orc knight hits you but does no damage.
The orc warlord blocks your attack.
Your headbutt misses the orc warlord.
The orc warlord is heavily wounded.
You slice the orc priest!!
You kill the orc priest!
Okawaru accepts your kill. The orc warlord blocks your attack.
The orc warlord is heavily wounded.
The orc knight hits you from afar with a +0 halberd!
* * * LOW HITPOINT WARNING * * *
The orc warlord hits you but does no damage.
The orc priest calls upon Beogh to heal the orc warlord.
The orc warlord is healed somewhat.
The orc warlord blocks your attack.
The orc warlord is heavily wounded.
You slash the orc wizard!
You kill the orc wizard!
Okawaru accepts your kill. The orc warlord blocks your attack. x2
The orc warlord is heavily wounded.
You hit the orc warlord.
The orc warlord is heavily wounded.
The orc knight completely misses you. You block the orc warlord's attack.
The orc warlord blocks your attack.
The orc warlord is heavily wounded.
The orc knight hits you from afar with a +0 halberd!!
* * * LOW HITPOINT WARNING * * *
You block the orc warlord's attack.
The orc priest mumbles some strange prayers to Beogh against you.
Beogh smites you!
You die...

.# #8...8# #... ..##.....##...#
...#.....#...# #...........#
##.........####### ##
.....#..8..............8..#####..
...............))........#..#....
........o.....o_@)o.............
..#.............o).)).).).....#
......oo .........)..).8.)#..###
......## ##.........#####))....##
.#.)o..# #...........###))).....#
..$.o..# ...#.....#..[##))#....##
...ooo## ..##.....##.)[##)#.....#
....o4# .# #8...8###[[.#.#....##
.))3..# #.#.....#.##)∩#).....#.


You could see an orc warlord (strong), an orc knight (strong) and an orc priest
(strong).

Vanquished Creatures
  Gastronok (D:9)
  The ghost of panicmichael the Imperceptible, a journeyman SpAl of Ashenzari (Lair:4)
  Erolcha (D:11)
  4 hydras
  A centaur warrior (D:11)
  A boulder beetle (D:11)
  4 death yaks
  2 catoblepae
  A two-headed ogre (D:9)
  2 orc high priests (Orc:2)
  Urug (Orc:1)
  A skyshark (Lair:5)
  A lindwurm (Lair:5)
  A deep elf pyromancer (D:12)
  3 orc knights (Orc:2)
  2 ugly things (D:11)
  4 orc sorcerers (Orc:2)
  A cyclops (D:8)
  Maurice (D:9)
  2 kobold blastminers (Orc:2)
  26 elephants
  2 torpor snails (Lair:5)
  12 black mambas
  14 cane toads
  2 gargoyles
  5 komodo dragons
  Jeremiah (D:7)
  4 rime drakes
  A kobold demonologist (D:11)
  2 unseen horrors
  4 merfolk (Lair:2)
  5 trolls
  Grinder (D:6)
  4 hornets
  2 dream sheep (Lair:5)
  12 blink frogs
  4 slime creatures (D:12)
  2 jumping spiders (Lair:2)
  A wraith (D:9)
  A vampire (D:10)
  A shadow (D:11)
  2 wyverns (D:9)
  33 yaks
  A redback (Lair:2)
  2 basilisks
  2 steam dragons (Lair:2)
  2 wargs (Orc:2)
  Edmund (D:6)
  2 vampire mosquitoes (D:12)
  Duvessa (D:6)
  17 water moccasins
  6 black bears
  33 orc warriors
  2 laughing skulls (D:12)
  2 ice beasts
  6 ogres
  9 wolves
  4 centaurs
  4 phantoms
  5 kobold brigands
  6 bullfrogs
  2 gnoll sergeants
  5 wights (D:8)
  Dowan (D:6)
  6 killer bees (D:8)
  6 howler monkeys
  4 jellies
  6 hounds
  18 orc priests
  2 sleepcaps (D:6)
  Natasha (thrice) (D:2)
  3 iguanas
  31 orc wizards
  9 gnolls
  6 adders
  A shadow imp (D:6)
  A white imp (D:7)
  2 ufetubi (D:7)
  A ribbon worm (D:2)
  75 orcs
  7 ball pythons
  9 endoplasms
  A giant cockroach (D:2)
  7 goblins
  5 hobgoblins
  2 quokkas
  5 bats (D:1)
  20 kobolds
  3 rats (D:1)
  A butterfly (Lair:2)
523 creatures vanquished.

Notes
Turn   | Place    | Note
-------+----------+-------------------------------------------
     0 | D:1      | miket3c the Minotaur Fighter began the quest for the Orb.
     0 | D:1      | Reached XP level 1. HP: 19/19 MP: 0/0
     6 | D:1      | Noticed a servant of whispers
     6 | D:1      | Noticed a tyrant leech
     6 | D:1      | Noticed an iguana
     7 | D:1      | Noticed a yaktaur
   211 | D:1      | Reached XP level 2. HP: 23/27 MP: 1/1
   605 | D:1      | Reached skill level 3 in Axes
   693 | D:1      | Reached XP level 3. HP: 33/33 MP: 2/2
   945 | D:2      | Identified the +3 dagger "Axissi" {spect, Str+3}
  1085 | D:2      | Noticed Natasha
  1092 | D:2      | Killed Natasha
  1282 | D:2      | Reached XP level 4. HP: 38/40 MP: 3/3
  1297 | D:2      | Reached skill level 4 in Axes
  1593 | D:2      | Noticed Natasha
  1598 | D:2      | Killed Natasha
  1684 | D:2      | Noticed Natasha
  1690 | D:2      | Killed Natasha
  1705 | D:3      | Reached skill level 5 in Axes
  1716 | D:3      | Found a faded altar of an unknown god.
  1733 | D:3      | Reached XP level 5. HP: 46/46 MP: 4/4
  2295 | D:3      | Found a broken altar of Ashenzari.
  3008 | D:4      | Reached XP level 6. HP: 53/53 MP: 5/5
  3023 | D:4      | Reached skill level 6 in Axes
  3516 | D:5      | Entered Level 5 of the Dungeon
  3536 | D:5      | Noticed a hornet
  3540 | D:5      | Killed a hornet
  3541 | D:5      | Reached skill level 7 in Axes
  3541 | D:5      | Reached skill level 5 in Armour
  3541 | D:5      | Reached skill level 1 in Dodging
  3541 | D:5      | Reached XP level 7. HP: 60/60 MP: 6/6
  3650 | D:5      | Found a transporter.
  3650 | D:5      | Found a transporter.
  3650 | D:5      | Noticed a wyvern
  3658 | D:5      | Reached skill level 8 in Axes
  3820 | D:5      | You fall into a shaft and drop 1 floor!
  3840 | D:6      | Reached skill level 5 in Fighting
  3840 | D:6      | Reached skill level 9 in Axes
  3941 | D:6      | Reached XP level 8. HP: 53/68 MP: 7/7
  4060 | D:6      | Noticed Edmund
  4074 | D:6      | Killed Edmund
  4217 | D:6      | Reached skill level 10 in Axes
  4423 | D:6      | Found an ancient bone altar of Kikubaaqudgha.
  4495 | D:6      | Noticed Duvessa
  4498 | D:6      | Noticed Dowan
  4502 | D:6      | Killed Duvessa
  4515 | D:6      | Killed Dowan
  4516 | D:6      | Reached skill level 11 in Axes
  4973 | D:6      | Reached XP level 9. HP: 58/75 MP: 8/8
  5056 | D:6      | Found Hedeoclu's Antique Armour Boutique.
  5097 | D:6      | Noticed Grinder
  5098 | D:6      | Paralysed by Grinder for 5 turns
  5109 | D:6      | Paralysed by Grinder for 3 turns
  5118 | D:6      | Killed Grinder
  5406 | D:7      | Reached skill level 5 in Shields
  5443 | D:7      | Reached skill level 12 in Axes
  5463 | D:7      | Noticed Jeremiah
  5795 | D:7      | Found a basalt altar of Yredelemnul.
  6135 | D:7      | Killed Jeremiah
  6136 | D:7      | Reached skill level 13 in Axes
  6617 | D:8      | Noticed a cyclops
  6634 | D:8      | Killed a cyclops
  6639 | D:8      | Reached XP level 10. HP: 51/84 MP: 9/9
  6772 | D:8      | Found a staircase to the Lair.
  6778 | D:8      | Reached skill level 14 in Axes
  6945 | D:8      | Identified the +1 falchion "Esow" {heavy, rPois rF+ rC++}
  7335 | D:9      | Noticed a two-headed ogre
  7347 | D:9      | Killed a two-headed ogre
  7348 | D:9      | Reached skill level 15 in Axes
  7871 | D:9      | Noticed Gastronok
  7894 | D:9      | Killed Gastronok
  7900 | D:9      | Reached XP level 11. HP: 33/94 MP: 10/10
  8778 | D:9      | Noticed Maurice
  8790 | D:9      | Killed Maurice
  8791 | D:9      | Reached skill level 16 in Axes
  9192 | D:9      | Found a staircase to the Orcish Mines.
  9221 | D:10     | Entered Level 10 of the Dungeon
  9354 | D:10     | Identified the +1 pair of gloves "Lulaopue" {-Tele Dex+9
                  | Slay+3}
  9404 | D:10     | Reached skill level 1 in Stealth
  9863 | D:10     | Reached skill level 10 in Armour
 10549 | D:11     | Reached skill level 17 in Axes
 10811 | D:11     | Noticed a centaur warrior
 10820 | D:11     | Killed a centaur warrior
 10947 | D:11     | Noticed a green ugly thing
 10948 | D:11     | Noticed a green ugly thing
 10963 | D:11     | Killed a cyan ugly thing
 10978 | D:11     | Killed a white ugly thing
 11257 | D:11     | Noticed a boulder beetle
 11272 | D:11     | Killed a boulder beetle
 11577 | D:11     | Reached XP level 12. HP: 77/106 MP: 11/11
 11868 | D:11     | Noticed Erolcha
 11874 | D:11     | Killed Erolcha
 12649 | D:12     | Reached skill level 10 in Fighting
 12671 | D:12     | Reached skill level 18 in Axes
 12870 | D:12     | Found an iron altar of Okawaru.
 12885 | D:12     | Became a worshipper of Warmaster Okawaru
 12894 | D:12     | Noticed an eight-headed hydra
 12901 | D:12     | Killed an eight-headed hydra
 13292 | Lair:1   | Entered Level 1 of the Lair of Beasts
 13317 | Lair:1   | Reached * piety under Okawaru
 13318 | Lair:1   | Reached skill level 1 in Invocations
 13870 | Lair:1   | Reached ** piety under Okawaru
 14752 | Lair:2   | Identified the +9 dagger of Imon {drain, rC++ Will- Dex+3}
 15143 | Lair:2   | Found a staircase to the Shoals.
 15147 | Lair:2   | Reached skill level 19 in Axes
 15730 | Lair:2   | Noticed an eight-headed hydra
 15739 | Lair:2   | Killed an eight-headed hydra
 15740 | Lair:2   | Reached XP level 13. HP: 44/116 MP: 14/14
 16161 | Lair:2   | Found a hole to the Spider Nest.
 16417 | Lair:3   | Reached *** piety under Okawaru
 17472 | Lair:3   | Reached skill level 1 in Maces & Flails
 17798 | Lair:4   | Found a viscous altar of Jiyva.
 17798 | Lair:4   | Found a staircase to the Slime Pits.
 17814 | Lair:4   | Reached **** piety under Okawaru
 18069 | Lair:4   | Reached ***** piety under Okawaru
 18426 | Lair:4   | Reached skill level 5 in Invocations
 18553 | Lair:4   | Identified the +1 plate armour of Disappointment {Rampage
                  | rC+ Will-}
 18564 | Lair:4   | Found a runed translucent door.
 18728 | Lair:4   | Noticed panicmichael's ghost (journeyman SpAl)
 18741 | Lair:4   | Killed panicmichael's ghost
 18803 | Lair:5   | Entered Level 5 of the Lair of Beasts
 19031 | Lair:5   | Reached skill level 20 in Axes
 19137 | Lair:5   | Received a gift from Okawaru
 19248 | Lair:5   | Reached XP level 14. HP: 72/127 MP: 17/17
 19724 | Lair:5   | Received a gift from Okawaru
 20631 | Lair:5   | Received a gift from Okawaru
 20941 | Orc:1    | Entered Level 1 of the Orcish Mines
 20946 | Orc:1    | Noticed Urug
 20962 | Orc:1    | Killed Urug
 21234 | Orc:2    | Entered Level 2 of the Orcish Mines
 21304 | Orc:2    | Found a staircase to the Elven Halls.
 21616 | Orc:2    | Noticed an orc warlord
 21626 | Orc:2    | Found Ytucuomu's General Store.
 22807 | Orc:2    | Reached skill level 21 in Axes
 23026 | Orc:2    | Killed from afar by an orc priest

Illustrated notes

Levels and vault maps discovered:
D:1:      onia_arrival_zoo_common, layout_basic, dk_noncrumbling_3,
          minmay_tromino_i2
D:2:      layout_loops_cross, serial_glass, glass_columns_b, glass_columns_a,
          due_unseen_surprise, feat_on_display, item_on_display_a,
          feat_on_display, uniq_natasha
D:3:      layout_loops_cross, mainiacjoe_overflow_alcove_1, serial_forest,
          infiniplex_forest_straight_4, infiniplex_forest_clump_medium,
          infiniplex_forest_end_3, infiniplex_forest_lined_3_way,
          hellmonk_ecumenical_altar_arch_garden
D:4:      layout_gridville, kennysheep_generic_room_4
D:5:      layout_loops_ring, gammafunk_temple_overflow_arena,
          minmay_temple_entry_proselytizer, hangedman_decor_diamond_cutter
D:6:      layout_basic, lemuel_doored_altar, serial_shops, kennysheep_mini,
          uniq_grinder, uniq_edmund, uniq_duvessa
D:7:      layout_cave_pools, amcnicky_altar_gilded, roderic_roman_lattice,
          minmay_fractal_squares_diagonal_5, uniq_jeremiah
D:8:      layout_rooms, due_lair_maze_entry_diamond, grunt_decor_cap,
          due_unseen_surprise
D:9:      layout_basic, david_orc_4, kennysheep_small_square, uniq_gastronok,
          uniq_maurice
D:10:     layout_stronghold, minmay_hedge_maze
D:11:     layout_grid_maze, minmay_diced_spiral, uniq_erolcha
D:12:     layout_gridville, okawaru_trees_1
Lair:1:   layout_gridlike, columned_hall_lemuel
Lair:2:   layout_regular_city, elwin_shoals_entry_stream, spider_nest_entry_a,
          lemuel_fruit_fields
Lair:3:   layout_layer_cave
Lair:4:   beast_lair_carwin_large_4, layout_hall_layers,
          dpeg_slime_entry_enclosed, ebering_ghost_reflecting_pool,
          nicolae_lair_yak_garden
Lair:5:   hangedman_lair_in_review, layout_small_grid, patterned_corridor
Orc:1:    layout_caves, nicolae_orc_stalacmites, uniq_urug
Orc:2:    grunt_orc_cross, layout_caves

Skill      XL: |  1  2  3  4  5  6  7  8  9 10 11 12 13 14 |
---------------+-------------------------------------------+-----
Armour         | 4 5 7 8 9 10 12 13 14 | 14.3
Axes           | 3 5 7 9 11 13 15 17 19 20 21 | 21.1
Fighting       | 4 5 6 8 9 11 12 13 | 13.4
Shields        | 4 5 6 7 8 9 |  9.2
Dodging        | 1 2 |  2.7
Stealth        | 1 |  1.1
Invocations    | 3 5 7 |  7.1
Maces & Flails | 2 |  2.5

Action                     |  1- 3 |  4- 6 |  7- 9 | 10-12 | 13-15 || total
---------------------------+-------+-------+-------+-------+-------++-------
  Melee: War axe           |    68 |   148 |   225 |   580 |    51 ||  1072
         Headbutt          |     6 |    27 |    40 |   133 |   149 ||   355
         Flail             |       |       |       |     9 |     8 ||    17
         Broad axe         |       |       |       |       |   531 ||   531
 Invoke: Heroism           |       |       |       |     1 |     8 ||     9
         Finesse           |       |       |       |       |     2 ||     2
    Use: Potion            |       |     1 |     2 |     1 |     4 ||     8
         Scroll            |       |    14 |     5 |     9 |     9 ||    37
   Stab: Distracted        |       |       |       |     1 |       ||     1
         Fleeing           |       |       |       |       |     1 ||     1
 Armour: Scale mail        |    36 |       |       |       |       ||    36
         Chain mail        |    26 |    69 |   141 |       |       ||   236
         Plate armour      |       |       |    32 |   507 |   486 ||  1025
  Dodge: Dodged            |    30 |    37 |    87 |   197 |   209 ||   560
  Block: Buckler           |    20 |    17 |    35 |   120 |   147 ||   339
